TOP OF THE 1ST |
Chicago Cubs batting - Pitching for Chicago White Sox : RHP Xenophon Valvis
|
Pitching: RHP Xenophon Valvis
|
|
Batting: RHB Yasuhide Kasahara
|
0-0: Called Strike 0-1: Ground out 1-3 (Groundball, 34S, EV 65.0 MPH)
|
Batting: RHB Elijah Campbell
|
0-0: Called Strike 0-1: Fly out, F8 (Line Drive, 78M, EV 103.1 MPH)
|
Batting: RHB Efrain Vargas
|
0-0: Ball 1-0: Swinging Strike 1-1: Foul Ball, location: 2F 1-2: Foul Ball, location: 2F 1-2: Ball 2-2: Ground out 6-3 (Groundball, 6MS, EV 65.6 MPH)
|
Top of the 1st over - 0 runs, 0 hits, 0 errors, 0 left on base; Chicago 0 - Chicago 0 |
BOTTOM OF THE 1ST |
Chicago White Sox batting - Pitching for Chicago Cubs : RHP Yeong-kil Suck
|
Pitching: RHP Yeong-kil Suck
|
|
Batting: LHB Antonio Figueroa
|
0-0: Ball 1-0: Ball 2-0: Ball 3-0: Base on Balls
|
Batting: SHB Cesar Herrera
|
0-0: Bunted foul 0-1: Bunted foul 0-2: Fly out, F9 (Flyball, 9D, EV 96.2 MPH) Runner from 1st tags up, OUT at 2nd! 9-6
|
Batting: LHB Randy Rosenberry
|
0-0: Foul Ball, location: 2F 0-1: Called Strike 0-2: Ball 1-2: Foul Ball, location: 2F 1-2: Strikes out swinging
|
Bottom of the 1st over - 0 runs, 0 hits, 0 errors, 0 left on base; Chicago 0 - Chicago 0 |
TOP OF THE 2ND |
Chicago Cubs batting - Pitching for Chicago White Sox : RHP Xenophon Valvis
|
Batting: SHB Terry Tuckfard
|
0-0: Foul Ball, location: 2F 0-1: Swinging Strike 0-2: Foul Ball, location: 2F 0-2: Ball 1-2: Ball 2-2: Strikes out swinging
|
Batting: LHB Kevin Norton
|
0-0: Foul Ball, location: 2F 0-1: Ball 1-1: Swinging Strike 1-2: Ball 2-2: Ground out 5-3 (Groundball, 15, EV 85.6 MPH)
|
Batting: RHB Will Leslie
|
0-0: Called Strike 0-1: Foul Ball, location: 2F 0-2: Ball 1-2: Ball 2-2: Ball 3-2: Fly out, F8 (Flyball, 8RM, EV 84.4 MPH)
|
Top of the 2nd over - 0 runs, 0 hits, 0 errors, 0 left on base; Chicago 0 - Chicago 0 |
BOTTOM OF THE 2ND |
Chicago White Sox batting - Pitching for Chicago Cubs : RHP Yeong-kil Suck
|
Batting: RHB Joseph Disepolo
|
0-0: Ball 1-0: Swinging Strike 1-1: Called Strike 1-2: Hit by Pitch
|
Batting: LHB Jack Christie
|
0-0: Ball 1-0: Ball 2-0: Ball 3-0: Called Strike 3-1: Base on Balls Joseph Disepolo to second
|
Batting: RHB Steve Castleberry
|
0-0: Called Strike Jack Christie steals 2nd base Joseph Disepolo steals 3rd base 0-1: Ball 1-1: Foul Ball, location: 2F 1-2: Foul Ball, location: 2F 1-2: Foul Ball, location: 2F 1-2: Strikes out swinging
|
Batting: RHB Jason Moss
|
0-0: Called Strike 0-1: Called Strike 0-2: Ball 1-2: SINGLE (Line Drive, 34, EV 104.4 MPH) Joseph Disepolo scores Jack Christie to third
|
Batting: SHB Eduardo Maldonado
|
0-0: Hit by Pitch Jason Moss to second
|
Batting: RHB Dieter Knoops
|
0-0: Ball 1-0: Ball 2-0: Called Strike 2-1: Swinging Strike 2-2: Ball 3-2: Foul Ball, location: 2F 3-2: Strikes out looking
|
Batting: LHB Antonio Figueroa
|
0-0: Ball 1-0: Called Strike 1-1: Called Strike 1-2: Hit by Pitch Jack Christie scores Jason Moss to third Eduardo Maldonado to second
|
Batting: SHB Cesar Herrera
|
0-0: Foul Ball, location: 2F 0-1: Ball 1-1: Called Strike 1-2: Ball 2-2: Foul Ball, location: 2F 2-2: Strikes out swinging
|
Bottom of the 2nd over - 2 runs, 1 hit, 0 errors, 3 left on base; Chicago 0 - Chicago 2 |
TOP OF THE 3RD |
Chicago Cubs batting - Pitching for Chicago White Sox : RHP Xenophon Valvis
|
Batting: SHB Seung-ho Zhang
|
0-0: Called Strike 0-1: Ball 1-1: Ground out 4-3 (Groundball, 4, EV 86.2 MPH)
|
Batting: RHB Pat Barton
|
0-0: Called Strike 0-1: Swinging Strike 0-2: Ball 1-2: Foul Ball, location: 2F 1-2: Reached on error, E2 (Groundball, 15S, EV 68.1 MPH)
|
Batting: RHB Jason Ostrom
|
0-0: Ball 1-0: Called Strike 1-1: SINGLE (Groundball, 56D, EV 98.8 MPH) Pat Barton to third Runner from 3rd tries for Home, SAFE, throw by LF to home
|
Batting: RHB Yasuhide Kasahara
|
0-0: Called Strike 0-1: Ball 1-1: Swinging Strike 1-2: Reached on error, E4 (Groundball, 4M, EV 86.9 MPH) Jason Ostrom to second
|
Batting: RHB Elijah Campbell
|
0-0: Foul Ball, location: 2F 0-1: Foul Ball, location: 2F 0-2: Strikes out swinging
|
Batting: RHB Efrain Vargas
|
0-0: Foul Ball, location: 2F 0-1: Called Strike 0-2: Ground out 3-1 (Groundball, 34, EV 90.0 MPH)
|
Top of the 3rd over - 1 run, 1 hit, 2 errors, 2 left on base; Chicago 1 - Chicago 2 |
BOTTOM OF THE 3RD |
Chicago White Sox batting - Pitching for Chicago Cubs : RHP Yeong-kil Suck
|
Batting: LHB Randy Rosenberry
|
0-0: Ball 1-0: Fly out, F9 (Flyball, 89D, EV 98.8 MPH)
|
Batting: RHB Joseph Disepolo
|
0-0: Called Strike 0-1: Ball 1-1: Swinging Strike 1-2: Strikes out swinging
|
Batting: LHB Jack Christie
|
0-0: Foul Ball, location: 2F 0-1: Fly out, F8 (Line Drive, 8LM, EV 91.2 MPH)
|
Bottom of the 3rd over - 0 runs, 0 hits, 0 errors, 0 left on base; Chicago 1 - Chicago 2 |
TOP OF THE 4TH |
Chicago Cubs batting - Pitching for Chicago White Sox : RHP Xenophon Valvis
|
Batting: SHB Terry Tuckfard
|
0-0: Foul Ball, location: 2F 0-1: Swinging Strike 0-2: SINGLE (Line Drive, 56D, EV 96.9 MPH)
|
Batting: LHB Kevin Norton
|
0-0: Ball 1-0: Foul Ball, location: 2F 1-1: Ball 2-1: Grounds into double play, 4-6-3 (Groundball, 34, EV 84.4 MPH)
|
Batting: RHB Will Leslie
|
0-0: Ball 1-0: Ball 2-0: Called Strike 2-1: Ground out 6-3 (Groundball, P, EV 86.9 MPH)
|
Top of the 4th over - 0 runs, 1 hit, 0 errors, 0 left on base; Chicago 1 - Chicago 2 |
BOTTOM OF THE 4TH |
Chicago White Sox batting - Pitching for Chicago Cubs : RHP Yeong-kil Suck
|
Batting: RHB Steve Castleberry
|
0-0: Ball 1-0: Ball 2-0: Ball 3-0: Foul Ball, location: 2F 3-1: Called Strike 3-2: Fly out, F7 (Flyball, 7S, EV 83.8 MPH)
|
Batting: RHB Jason Moss
|
0-0: SINGLE (Groundball, 34S, EV 71.2 MPH) (infield hit)
|
Batting: SHB Eduardo Maldonado
|
0-0: Ball Jason Moss is caught stealing 2nd base 2-6 1-0: Called Strike 1-1: Called Strike 1-2: Foul Ball, location: 2F 1-2: Fly out, F3 (Popup, 3L, EV 64.4 MPH)
|
Bottom of the 4th over - 0 runs, 1 hit, 0 errors, 0 left on base; Chicago 1 - Chicago 2 |
TOP OF THE 5TH |
Chicago Cubs batting - Pitching for Chicago White Sox : RHP Xenophon Valvis
|
Batting: SHB Seung-ho Zhang
|
0-0: Fly out, F8 (Flyball, 89D, EV 104.4 MPH)
|
Batting: RHB Pat Barton
|
0-0: Called Strike 0-1: Called Strike 0-2: SINGLE (Line Drive, 7S, EV 111.9 MPH)
|
Batting: RHB Jason Ostrom
|
0-0: Swinging Strike 0-1: Ball Pickoff Throw to First - Out! 1-3 1-1: Foul Ball, location: 2F 1-2: SINGLE (Groundball, 25, EV 71.2 MPH) (infield hit)
|
Batting: RHB Yasuhide Kasahara
|
0-0: Called Strike 0-1: Ground out U3 (Groundball, 34, EV 83.8 MPH)
|
Top of the 5th over - 0 runs, 2 hits, 0 errors, 1 left on base; Chicago 1 - Chicago 2 |
BOTTOM OF THE 5TH |
Chicago White Sox batting - Pitching for Chicago Cubs : RHP Yeong-kil Suck
|
Batting: RHB Dieter Knoops
|
0-0: Called Strike 0-1: Called Strike 0-2: Ball 1-2: Strikes out looking
|
Batting: LHB Antonio Figueroa
|
0-0: Foul Ball, location: 2F 0-1: Swinging Strike 0-2: Foul Ball, location: 2F 0-2: Ball 1-2: Ball 2-2: Ball 3-2: Foul Ball, location: 2F 3-2: DOUBLE (Groundball, 5L, EV 97.5 MPH)
|
Batting: SHB Cesar Herrera
|
0-0: Ball 1-0: Swinging Strike 1-1: Swinging Strike 1-2: Foul Ball, location: 2F 1-2: Ball 2-2: Ball 3-2: Base on Balls
|
Batting: LHB Randy Rosenberry
|
0-0: Called Strike 0-1: 3-RUN HOME RUN (Line Drive, 9D, EV 103.1 MPH), Distance : 374 ft
|
Pitching: RHP Gabe Wagner
|
|
Batting: RHB Joseph Disepolo
|
0-0: Called Strike 0-1: SINGLE (Groundball, 4MS, EV 64.4 MPH) (infield hit)
|
Batting: LHB Jack Christie
|
0-0: Called Strike 0-1: Foul Ball, location: 2F 0-2: Fly out, F7 (Flyball, 78M, EV 71.2 MPH)
|
Batting: RHB Steve Castleberry
|
0-0: Called Strike 0-1: Ball Joseph Disepolo steals 2nd base 1-1: Called Strike 1-2: Fly out, F4 (Popup, 4M, EV 73.1 MPH)
|
Bottom of the 5th over - 3 runs, 3 hits, 0 errors, 1 left on base; Chicago 1 - Chicago 5 |
TOP OF THE 6TH |
Chicago Cubs batting - Pitching for Chicago White Sox : RHP Xenophon Valvis
|
Batting: RHB Elijah Campbell
|
0-0: Ball 1-0: Ball 2-0: SINGLE (Groundball, 56D, EV 101.2 MPH)
|
Batting: RHB Efrain Vargas
|
0-0: Ball 1-0: Ball 2-0: Called Strike 2-1: Foul Ball, location: 2F 2-2: Ball 3-2: Fly out, F6 (Popup, P, EV 80.6 MPH)
|
Batting: SHB Terry Tuckfard
|
0-0: Ball Elijah Campbell steals 2nd base (no throw) 1-0: Ball 2-0: Foul Ball, location: 2F 2-1: Fly out, F8 (Line Drive, 8RM, EV 92.5 MPH)
|
Batting: LHB Kevin Norton
|
0-0: Called Strike 0-1: SINGLE (Line Drive, 56, EV 94.4 MPH) Elijah Campbell to third Runner from 3rd tries for Home, throw by LF and OUT! 7-2
|
Top of the 6th over - 0 runs, 2 hits, 0 errors, 1 left on base; Chicago 1 - Chicago 5 |
BOTTOM OF THE 6TH |
Chicago White Sox batting - Pitching for Chicago Cubs : RHP Gabe Wagner
|
Batting: RHB Jason Moss
|
0-0: Called Strike 0-1: Fly out, F3 (Popup, 3F, EV 67.5 MPH)
|
Batting: SHB Eduardo Maldonado
|
0-0: Foul Ball, location: 2F 0-1: Ball 1-1: Ball 2-1: Swinging Strike 2-2: Strikes out swinging
|
Batting: RHB Dieter Knoops
|
0-0: Called Strike 0-1: Foul Ball, location: 2F 0-2: DOUBLE (Line Drive, 9LS, EV 91.2 MPH)
|
Batting: LHB Antonio Figueroa
|
0-0: Foul Ball, location: 2F 0-1: Ball 1-1: Ball 2-1: Swinging Strike 2-2: Foul Ball, location: 2F 2-2: Strikes out looking
|
Bottom of the 6th over - 0 runs, 1 hit, 0 errors, 1 left on base; Chicago 1 - Chicago 5 |
TOP OF THE 7TH |
Chicago Cubs batting - Pitching for Chicago White Sox : RHP Xenophon Valvis
|
Batting: RHB Will Leslie
|
0-0: SINGLE (Groundball, 6MD, EV 98.1 MPH)
|
Batting: SHB Seung-ho Zhang
|
0-0: Called Strike 0-1: Swinging Strike 0-2: Ball 1-2: Strikes out swinging
|
Batting: RHB Pat Barton
|
0-0: Ball Will Leslie steals 2nd base 1-0: Fly out, F9 (Line Drive, 89M, EV 96.2 MPH)
|
Batting: RHB Jason Ostrom
|
0-0: Ball 1-0: Called Strike 1-1: Ball 2-1: Ground out 5-3 (Groundball, 5, EV 78.1 MPH)
|
Top of the 7th over - 0 runs, 1 hit, 0 errors, 1 left on base; Chicago 1 - Chicago 5 |
BOTTOM OF THE 7TH |
Chicago White Sox batting - Pitching for Chicago Cubs : RHP Gabe Wagner
|
Pitching: RHP Bryant Bradley
|
|
Batting: SHB Cesar Herrera
|
0-0: Called Strike 0-1: Fly out, F5 (Popup, 56S, EV 76.9 MPH)
|
Batting: LHB Randy Rosenberry
|
0-0: Fly out, F7 (Flyball, 7S, EV 89.4 MPH)
|
Batting: RHB Joseph Disepolo
|
0-0: Single, Error in OF, E8, batter to second base (Groundball, 4MD, EV 109.4 MPH)
|
Batting: LHB Jack Christie
|
0-0: Intentional Walk
|
Batting: RHB Steve Castleberry
|
0-0: Ball 1-0: Ball 2-0: Called Strike 2-1: Fly out, F3 (Popup, 3S, EV 78.8 MPH)
|
Bottom of the 7th over - 0 runs, 1 hit, 1 error, 2 left on base; Chicago 1 - Chicago 5 |
TOP OF THE 8TH |
Chicago Cubs batting - Pitching for Chicago White Sox : RHP Xenophon Valvis
|
Batting: RHB Yasuhide Kasahara
|
0-0: Ball 1-0: Swinging Strike 1-1: Ball 2-1: Foul Ball, location: 2F 2-2: Fly out, F7 (Flyball, 7LM, EV 92.5 MPH)
|
Pitching: RHP Gerbrand van de Bilt
|
|
Batting: RHB Elijah Campbell
|
0-0: Ball 1-0: Called Strike 1-1: Fly out, F7 (Flyball, 7D, EV 100.0 MPH)
|
Batting: RHB Efrain Vargas
|
0-0: Called Strike 0-1: Ground out 4-3 (Groundball, 4M, EV 104.4 MPH)
|
Top of the 8th over - 0 runs, 0 hits, 0 errors, 0 left on base; Chicago 1 - Chicago 5 |
BOTTOM OF THE 8TH |
Chicago White Sox batting - Pitching for Chicago Cubs : RHP Bryant Bradley
|
Batting: RHB Jason Moss
|
0-0: Ball 1-0: SINGLE (Groundball, 56D, EV 94.4 MPH)
|
Batting: SHB Eduardo Maldonado
|
0-0: Grounds into double play, 4-6-3 (Groundball, 4, EV 89.4 MPH)
|
Batting: RHB Dieter Knoops
|
0-0: Called Strike 0-1: Ball 1-1: Ball 2-1: Ball 3-1: SINGLE (Line Drive, 6M, EV 99.4 MPH)
|
Batting: LHB Antonio Figueroa
|
0-0: Ball 1-0: Called Strike 1-1: Fielders Choice at 2nd, 6-4 (Groundball, 6, EV 87.5 MPH)
|
Bottom of the 8th over - 0 runs, 2 hits, 0 errors, 1 left on base; Chicago 1 - Chicago 5 |
TOP OF THE 9TH |
Chicago Cubs batting - Pitching for Chicago White Sox : RHP Gerbrand van de Bilt
|
Pitching: RHP Zach Ault
|
|
Now in LF: Chris Cooper
|
|
Batting: SHB Terry Tuckfard
|
0-0: Called Strike 0-1: Swinging Strike 0-2: Strikes out swinging
|
Batting: LHB Kevin Norton
|
0-0: Called Strike 0-1: Called Strike 0-2: Strikes out swinging
|
Batting: RHB Will Leslie
|
0-0: Ball 1-0: Foul Ball, location: 2F 1-1: DOUBLE (Groundball, 5L, EV 94.4 MPH)
|
Batting: SHB Seung-ho Zhang
|
0-0: Foul Ball, location: 2F 0-1: Ball 1-1: Foul Ball, location: 2F 1-2: Ball 2-2: Ball 3-2: Ground out U3 (Groundball, 3, EV 92.5 MPH)
|
Top of the 9th over - 0 runs, 1 hit, 0 errors, 1 left on base; Chicago 1 - Chicago 5 |
|